 Dungeon Crawl Stone Soup version 0.29.1-2-gbd0b4ee654 (webtiles) character file.

Game seed: 1244404631238597104

419 styxcanada the Covert (level 6, -4/32 HPs)
             Began as a Spriggan Brigand on Nov 21, 2022.
             Killed by divine providence
             ... invoked by an orc priest
              (12 damage)
             ... on level 4 of the Dungeon.
             The game lasted 00:16:25 (3432 turns).

styxcanada the Covert (Spriggan Brigand)            Turns: 3432, Time: 00:16:26

Health: -4/32      AC:  8    Str:  7    XL:     6   Next: 62%
Magic:  7/7        EV: 18    Int: 13    God:
Gold:   187        SH:  0    Dex: 18    Spells: 5/5 levels left

rFire   . . .      SeeInvis +   a - +2 dagger
rCold   . . .      Faith    .   (no shield)
rNeg    . . .      Spirit   .   b - +1 robe
rPois   .          Reflect  .   (helmet restricted)
rElec   .          Harm     .   c - +0 cloak
rCorr   .          Rampage  .   (gloves unavailable)
Will    +....                   (boots unavailable)
Stlth   ++++......              (no amulet)
HPRegen 0.10/turn               h - +4 ring of slaying
MPRegen 0.10/turn               l - +4 ring of protection

@: very quick
A: very small, no large weapons, unfitting armour, see invisible, speed 3
a: no special abilities


You were on level 4 of the Dungeon.
You visited 1 branch of the dungeon, and saw 4 of its levels.

You collected 187 gold pieces.

Inventory:

Hand Weapons
 a - a +2 dagger (weapon)
 o - a +0 sling
Missiles
 d - 2 poisoned darts (quivered)
 e - 3 curare-tipped darts
 g - 13 stones
Armour
 b - a +1 robe (worn)
 c - a +0 cloak (worn)
Jewellery
 h - a +4 ring of slaying (left hand)
 j - a +4 ring of slaying
 k - a ring of protection from cold
 l - a +4 ring of protection (right hand)
 n - a ring of poison resistance
Scrolls
 i - a scroll of teleportation
 m - 3 scrolls of immolation
Potions
 f - a potion of berserk rage
 p - 2 potions of flight
 q - a potion of curing {unknown}


   Skills:
 * Level 2.6 Fighting
 + Level 3.4 Short Blades
 + Level 0.4 Ranged Weapons
 + Level 3.3 Throwing
 * Level 3.3 Dodging
 * Level 9.0 Stealth


You had 5 spell levels left.
You didn't know any spells.
Your spell library contained the following spells:

 Spells                   Type           Power      Damage    Failure   Level
 Fireball                 Conj/Fire      0%         3d3       100%        5
 Iskenderun's Battlesphe  Conj           0%         2d6       100%        5
 Conjure Ball Lightning   Conj/Air       0%         3x3d6     100%        6
 Orb of Destruction       Conj           0%         9d5       100%        7


Dungeon Overview and Level Annotations

Branches:
Dungeon (4/15)
 Temple: D:4-7

Altars:
Yredelemnul


Innate Abilities, Weirdness & Mutations

You are very small and have problems with some larger weapons.
You are too small for most types of armour.
You have supernaturally acute eyesight. (SInv)
You cover ground extremely quickly. (Speed+++)


Message History

Throw: 5 darts (poison)
Press: ? - help, Q - select action, (/) - cycle Shift-Dir - straight line, f/p - orc priest
Aim: an orc priest, wielding a +0 dagger (67% to hit)
You throw a poisoned dart.
The poisoned dart closely misses the orc.
The poisoned dart hits the orc priest.
The orc priest is poisoned.
You barely miss the orc.
Throw: 4 darts (poison)
Press: ? - help, Q - select action, (/) - cycle Shift-Dir - straight line, f/p - orc priest
Aim: an orc priest, wielding a +0 dagger (lightly wounded, poisoned, 67% to hit)
You throw a poisoned dart.
The poisoned dart barely misses the orc priest.
The poisoned dart closely misses the orc priest.
The orc completely misses you.
You puncture the orc!
You kill the orc!
The orc priest closely misses you.
Your Stealth skill increases to level 9!
Throw: 3 darts (poison)
Press: ? - help, Q - select action, (/) - cycle Shift-Dir - straight line, f/p - orc priest
Aim: an orc priest, wielding a +0 dagger (lightly wounded, poisoned, 67% to hit)
You throw a poisoned dart. The poisoned dart hits the orc priest.
The orc priest looks even sicker.
The orc priest is lightly wounded.
You hit the orc priest. You punch the orc priest.
The orc priest is heavily wounded.
The orc priest misses you.
You barely miss the orc priest.
The orc priest is severely wounded.
The orc priest looks braver for a moment.
The orc priest misses you.
You puncture the orc priest!
You kill the orc priest!
You barely miss the orc priest.
The orc priest mumbles some strange prayers to Beogh against you.
Beogh smites you!
* * * LOW HITPOINT WARNING * * *
The orc priest calls down the wrath of Beogh upon you.
Beogh smites you!
You die...

.....(....# #.....##
........#(## ###..##
####....##(## #.## #
#######..## ##.# ##
# ##.)## #..###. ###
##).## ##......
..### ##o.##
##..##... ..?.#
##..## ##..##....
.....#
#..@#######.###.....
......
##..........##..##..
......
#..#######.######..
...... .### #..# #..
o..... .# #..# #..
...... .# ##.## #..
..... .# #.<# #..
.... .# ##.# ... ...
#.# #...


You could see an orc priest.

Vanquished Creatures
  A black bear (D:3)
  2 hounds
  An orc priest (D:4)
  Jessica (D:3)
  2 iguanas
  Robin (D:3)
  5 adders
  5 worms
  A dart slug (D:2)
  4 orcs
  4 endoplasms
  2 giant cockroaches
  13 goblins
  7 hobgoblins
  2 quokkas
  8 ball pythons
  7 bats
  7 frilled lizards
  5 kobolds
  6 rats
84 creatures vanquished.

Notes
Turn   | Place    | Note
-------+----------+-------------------------------------------
     0 | D:1      | styxcanada the Spriggan Brigand began the quest for the
                  | Orb.
     0 | D:1      | Reached XP level 1. HP: 10/10 MP: 2/2
    27 | D:1      | Reached skill level 6 in Stealth
   234 | D:1      | Found a faded altar of an unknown god.
   441 | D:1      | Reached XP level 2. HP: 14/14 MP: 3/3
   922 | D:2      | Reached skill level 7 in Stealth
   959 | D:2      | Reached XP level 3. HP: 18/18 MP: 4/4
  1688 | D:3      | Reached XP level 4. HP: 19/23 MP: 5/5
  1754 | D:3      | Noticed Jessica
  1770 | D:3      | Killed Jessica
  1828 | D:3      | Noticed Robin
  1856 | D:3      | Reached skill level 8 in Stealth
  1873 | D:3      | Killed Robin
  2141 | D:3      | Noticed a black bear
  2147 | D:3      | Reached XP level 5. HP: 26/26 MP: 6/6
  2183 | D:3      | Killed a black bear
  2408 | D:3      | Reached XP level 6. HP: 31/31 MP: 7/7
  3350 | D:4      | Found a basalt altar of Yredelemnul.
  3425 | D:4      | Reached skill level 9 in Stealth
  3432 | D:4      | Killed from afar by an orc priest

Illustrated notes

Levels and vault maps discovered:
D:1:      minmay_arrival_four_houses, layout_rooms,
          hellmonk_ecumenical_altar_leap_of_faith
D:2:      layout_basic
D:3:      layout_rooms, minmay_increasing_density, uniq_robin, uniq_jessica
D:4:      layout_cave_pods, mainiacjoe_overflow_concentric_impassable

Skill      XL: |  1  2  3  4  5  6 |
---------------+-------------------+-----
Stealth        | 6 7 8 9 |  9.0
Dodging        | 2 3 |  3.3
Fighting       | 2 |  2.6
Short Blades   | 3 |  3.4
Throwing       | 3 |  3.3
Ranged Weapons | |  0.4

Action                   |  1- 3 |  4- 6 || total
-------------------------+-------+-------++-------
Melee: Dagger            |    64 |   103 ||   167
       Punch             |     1 |     2 ||     3
 Fire: Sling             |       |    10 ||    10
Throw: Dart              |    17 |    66 ||    83
  Use: Scroll            |       |     9 ||     9
 Stab: Sleeping          |    18 |     5 ||    23
       Distracted        |       |     1 ||     1
Armor: Robe              |     6 |    23 ||    29
Dodge: Dodged            |    29 |    82 ||   111
